 Dungeon Crawl Stone Soup version 0.32-a0-120-gfac0567ad4 (webtiles) character file.

Game seed: 7256285122030510931

110 zenocrate the Sneak (level 4, 0/35 HPs)
             Began as a Demonspawn Delver on Feb 6, 2024.
             Slain by a bullfrog (6 damage)
             ... in a sewer.
             The game lasted 00:02:04 (988 turns).

zenocrate the Sneak (Demonspawn Delver)              Turns: 988, Time: 00:02:04

Health: 0/35       AC:  3    Str: 21    XL:     4   Next: 61%
Magic:  4/4        EV:  9    Int:  7    God:
Gold:   26         SH:  0    Dex: 17    Spells: 3/3 levels left

rFire   + .          .
                       - Unarmed
rCold   . . .        (no shield)
rNeg    . . .        a - +0 leather armour
rPois   +            (helmet restricted)
rElec   .            (no cloak)
rCorr   .            (no gloves)
SInv    +            (no boots)
Will    .....        (no amulet)
Stlth   +++          h - +6 ring of strength
HPRegen 0.25/turn    i - ring "Xileirue" {rPois rF+ Int-3 Dex+3 Slay+2 SInv}
MPRegen 0.09/turn

%: no passive effects
@: about to teleport, constricted
A: antennae 1
a: no special abilities


You were in a sewer.
You visited 1 branch of the dungeon, and saw 3 of its levels.
You also visited: Sewer.

You collected 26 gold pieces.

Inventory:

Hand Weapons
 j - a +0 flail
Armour
 a - a +0 leather armour (worn)
 e - the +0 robe "Poept" {Slay+5}
   (You found it on level 4 of the Dungeon)

   Slay+5:    It affects your accuracy & damage with ranged weapons and melee
   (+5).
Jewellery
 h - a +6 ring of strength (left hand)
 i - the ring "Xileirue" (right hand) {rPois rF+ Int-3 Dex+3 Slay+2 SInv}
   (You took it off a hobgoblin on level 4 of the Dungeon)

   [ring of see invisible]

   Int-3:     It affects your intelligence (-3).
   Dex+3:     It affects your dexterity (+3).
   Slay+2:    It affects your accuracy & damage with ranged weapons and melee
   (+2).
   rF+:       It protects you from fire.
   rPois:     It protects you from poison SInv: It lets you see invisible.
Wands
 f - a wand of digging (3)
Scrolls
 b - a scroll of fog
 d - a scroll of poison {unknown}
 g - a scroll of identify
 m - a scroll of silence {unknown}


   Skills:
 - Level 3.0 Fighting
 - Level 1.7 Dodging
 - Level 4.5 Stealth
 + Level 4.4 Unarmed Combat


You had 3 spell levels left.
You didn't know any spells.
Your spell library was empty.

Dungeon Overview and Level Annotations

Branches:
Dungeon (5/15)              Sewer (1/1)
 Temple: D:4-7

Altars:

Annotations:
D:5 3 runed translucent doors


Innate Abilities, Weirdness & Mutations

You have a pair of small antennae on your head.


Message History

You hit the bullfrog.
The bullfrog is moderately wounded.
The bullfrog hits you but does no damage.
The ball python misses you. x2; The bullfrog closely misses you.
The ball python bites you but does no damage.
The ball python grabs you. The ball python constricts you.
The adder closely misses you. The adder barely misses you.
The bullfrog hits you.
The ball python bites you but does no damage.
Okay, then.
Okay, then.
You closely miss the bullfrog.
The bullfrog is moderately wounded.
The bullfrog hits you. The ball python closely misses you.
The ball python constricts you. The adder completely misses you.
The adder bites you. The bullfrog hits you.
The bullfrog hits you but does no damage.
The ball python bites you.
Unknown command.
It was a potion of heal wounds.
You feel much better. The bullfrog hits you! The ball python barely misses you.
The ball python constricts you. The adder bites you but does no damage.
The adder barely misses you. The bullfrog hits you.
The ball python closely misses you. The bullfrog hits you.
The ball python barely misses you. The ball python constricts you.
Unknown command.
As you read the scroll labelled BOKLAU ISTRUAPN, it crumbles to dust.
It is a scroll of identify.
c - a scroll of teleportation The adder bites you.
The bullfrog hits you but does no damage.
The adder bites you. The ball python bites you. The bullfrog barely misses you.
The bullfrog hits you.
* * * LOW HITPOINT WARNING * * *
The adder barely misses you. The adder completely misses you.
The ball python barely misses you. The ball python constricts you.
As you read the scroll of teleportation, it crumbles to dust.
You feel strangely unstable. The bullfrog misses you.
The ball python completely misses you. The bullfrog hits you.
You die...

#.†..'..# #....#..#
##...####
#...†####################
#.....#≈≈≈≈≈≈≈≈≈≈≈≈≈~≈...
##.....~≈≈~~≈≈≈≈≈≈≈~~≈~..
#.....~~~~≈≈≈≈S~~~~~≈..J
#.....≈≈~~~~#SS#~~~~~...
##....~≈~~~≈~S@FS≈J≈~~..
###..≈~≈≈≈≈~≈SF~≈≈≈≈#..
###################


You could see 2 bullfrogs, 3 adders, an endoplasm and 3 ball pythons.

Vanquished Creatures
  A bombardier beetle (D:5)
  A gnoll (D:4)
  An adder (Sewer)
  3 river rats (Sewer)
  A dart slug (D:4)
  2 orcs (D:4)
  8 ball pythons (Sewer)
  A hobgoblin (D:4)
  A quokka (D:4)
  A kobold (D:3)
  23 rats (Sewer)
43 creatures vanquished.

Notes
Turn   | Place    | Note
-------+----------+-------------------------------------------
     0 | D:5      | zenocrate the Demonspawn Delver began the quest for the
                  | Orb.
     0 | D:5      | Reached XP level 1. HP: 18/18 MP: 1/1
    76 | D:5      | Noticed a hound
    94 | D:5      | Noticed a bombardier beetle
   129 | D:5      | Killed a bombardier beetle
   130 | D:5      | Gained mutation: You have a pair of small antennae on your
                  | head. [demonic ancestry]
   130 | D:5      | Reached XP level 2. HP: 6/24 MP: 2/2
   130 | D:5      | Reached XP level 3. HP: 7/29 MP: 3/3
   268 | D:5      | Found a runed translucent gate.
   268 | D:5      | Found a runed translucent gate.
   268 | D:5      | Found a runed translucent gate.
   271 | D:5      | Noticed an ogre
   283 | D:4      | Identified the +0 robe "Poept" {Slay+5}
   307 | D:4      | Noticed an ogre
   313 | D:4      | Identified the ring "Xileirue" {rPois rF+ Int-3 Dex+3
                  | Slay+2 SInv}
   431 | D:3      | Found a glowing drain.
   436 | Sewer    | Entered a sewer
   603 | Sewer    | Reached XP level 4. HP: 27/35 MP: 4/4
   979 | Sewer    | Noticed a bullfrog
   979 | Sewer    | Noticed a bullfrog
   988 | Sewer    | Slain by a bullfrog

Illustrated notes

Levels and vault maps discovered:
D:3:      layout_basic, lemuel_round_altar, portal_sewer_entry_e,
          ebering_ghost_sewer_f
D:4:      layout_rooms, biasface_ghost_orc_armoury
D:5:      layout_cave_pools, gammafunk_ghost_cemetery
Sewer:    sewer_minmay_w

Skill      XL: |  1  2  3  4 |
---------------+-------------+-----
Unarmed Combat | 3 4 |  4.4
Fighting       | |  3.0
Dodging        | |  1.7
Stealth        | |  4.5

Action                     |  1- 3 |  4- 6 || total
---------------------------+-------+-------++-------
  Melee: Unarmed           |    84 |    61 ||   145
         Punch             |     3 |       ||     3
    Use: Potion            |     1 |     2 ||     3
         Scroll            |     1 |     3 ||     4
   Stab: Sleeping          |       |     1 ||     1
 Armour: Leather armour    |    37 |    85 ||   122
  Dodge: Dodged            |    55 |    93 ||   148

Table legend: (Time is in decaauts)
 A = Elapsed time spent in this place.
 B = Non-inter-level travel time spent in this place.
 C = Inter-level travel time spent in this place.
 D = Time resting spent in this place.
 E = Time spent auto-exploring this place.
 F = Levels seen in this place.
 G = Mean time per level.
                   A        B        C        D        E       F      G
               +--------+--------+--------+--------+--------+-----+--------+
         Total |    992 |    992 |      0 |     38 |    609 |   4 |  248.0 |
       Dungeon |    413 |    413 |      0 |     38 |    209 |   3 |  137.7 |
         Sewer |    578 |    578 |      0 |      0 |    400 |   1 |  578.0 |
               +--------+--------+--------+--------+--------+-----+--------+

Top non-repeatable levels by time:
   Sewer: 578 daAuts
     D:5: 254 daAuts
     D:4: 109 daAuts
     D:3: 49 daAuts
